 Dungeon Crawl Stone Soup version 0.26.1-2-gb8aa6d0cf2 (webtiles) character file.

Game seed: 16133878050832306100

160 Goaboa the Chopper (level 5, 0/48 HPs)
             Began as a Hill Orc Monk on Feb 17, 2021.
             Slain by a worker ant (4 damage)
             ... on level 4 of the Dungeon.
             The game lasted 00:20:24 (3139 turns).

Goaboa the Chopper (Hill Orc Monk)                  Turns: 3139, Time: 00:20:25

Health: 0/48       AC:  5    Str: 15    XL:     5   Next: 41%
Magic:  5/5        EV: 13    Int: 16    God:
Gold:   125        SH: 12    Dex: 13    Spells: 4/4 levels left

rFire    + . .     SeeInvis .   a - +0 hand axe
rCold    + . .     Faith    .   p - +0 kite shield
rNeg     . . .     Spirit   .   i - +0 ring mail
rPois    +         Reflect  +   (no helmet)
rElec    +         Harm     .   (no cloak)
rCorr    +         Rampage  .   (no gloves)
Will     .....                  (no boots)
Stlth    +.........             j - amulet of reflection
HPRegen  0.16/turn              n - +6 ring of intelligence
MPRegen  0.09/turn              k - +4 ring of evasion

@: resistant
A: no striking features
a: no special abilities


You were on level 4 of the Dungeon.
You visited 1 branch of the dungeon, and saw 4 of its levels.

You collected 125 gold pieces.

Inventory:

Hand Weapons
 a - a +0 hand axe (weapon)
Armour
 i - a +0 ring mail (worn)
 p - a +0 kite shield (worn)
 q - a +2 helmet
Jewellery
 g - a -4 ring of protection
 j - an amulet of reflection (around neck)
 k - a +4 ring of evasion (right hand)
 n - a +6 ring of intelligence (left hand)
Wands
 o - a wand of flame (8)
Scrolls
 c - 3 scrolls of identify
 d - a scroll of teleportation
 f - a scroll of remove curse
 m - a scroll of amnesia
Potions
 b - a potion of ambrosia
 e - a potion of flight
 h - a potion of invisibility


   Skills:
 + Level 5.0 Fighting
 + Level 5.4 Axes
 + Level 2.3 Armour
 - Level 2.6 Dodging
 - Level 1.8 Stealth
 + Level 0.8 Shields


You had 4 spell levels left.
You didn't know any spells.
Your spell library was empty.

Dungeon Overview and Level Annotations

Branches:
Dungeon (4/15)
 Temple: D:4-7

Altars:
Trog
Zin


Message History

The worker ant barely misses you.
You hit the worker ant.
The worker ant is heavily wounded.
The worker ant misses you.
The worker ant bites you but does no damage.
You barely miss the worker ant.
The worker ant is heavily wounded.
The worker ant closely misses you.
You barely miss the worker ant.
The worker ant is heavily wounded.
The worker ant bites you.
* * * LOW HITPOINT WARNING * * *
You block the worker ant's attack.
Found a stone staircase leading down and a stone staircase leading up.
Found a scroll of remove curse.
The worker ant misses you. You block the worker ant's attack.
You block the worker ant's attack. The worker ant bites you.
You die...

### ... ####.##
#...##.....##
............###
.##.##.#@..#.# ..
#..#.#B....##
...#...#.......#
...##....#.....#
.........#.#...#
....<##..#.....##
.?.......#####..##
..##.....# ####..#
........####....##


You could see a worker ant.

Vanquished Creatures
  A howler monkey (D:4)
  4 adders
  An ooze (D:2)
  An adder skeleton (D:4)
  2 worms
  2 dart slugs (D:3)
  2 leopard geckos (D:3)
  3 orcs
  A ball python (D:2)
  3 giant cockroaches
  3 hobgoblins
  2 jackals (D:1)
  A quokka (D:3)
  14 bats
  6 frilled lizards
  10 goblins
  6 kobolds
  5 rats
67 creatures vanquished.

Notes
Turn   | Place    | Note
-------+----------+-------------------------------------------
     0 | D:1      | Goaboa the Hill Orc Monk began the quest for the Orb.
     0 | D:1      | Reached XP level 1. HP: 19/19 MP: 1/1
   254 | D:1      | Reached XP level 2. HP: 27/27 MP: 2/2
   860 | D:2      | Reached XP level 3. HP: 33/33 MP: 3/3
  1109 | D:2      | Found a glowing silver altar of Zin.
  1109 | D:2      | Found a bloodstained altar of Trog.
  1454 | D:2      | Reached skill level 1 in Armour
  1508 | D:2      | HP: 1/34 [worm (11)]
  1515 | D:2      | Reached XP level 4. HP: 2/41 MP: 4/4
  1972 | D:2      | Reached skill level 5 in Axes
  2936 | D:3      | Reached XP level 5. HP: 47/47 MP: 5/5
  3099 | D:4      | Reached skill level 5 in Fighting
  3119 | D:4      | HP: 1/48 [worker ant (6)]
  3139 | D:4      | Slain by a worker ant

Illustrated notes

Levels and vault maps discovered:
D:1:      eino_arrival_water_star, layout_loops_cross
D:2:      kennysheep_six_static_rooms, layout_loops_ring,
          chequers_temple_overflow_statue_of_worship
D:3:      layout_loops_ring
D:4:      layout_cave_pools, kennysheep_mini_moat, serial_column_ruins,
          column_ruins_temple_circle, column_ruins_hut_ruined,
          column_ruins_open_tiny, column_ruins_open_medium,
          column_ruins_open_tiny, column_ruins_columns_straight,
          column_ruins_corridor_straight, column_ruins_grid_3,
          column_ruins_corridor_dead_end, minmay_between

Skill      XL: |  1  2  3  4  5 |
---------------+----------------+-----
Fighting       | 4 5 |  5.0
Armour         | 1 2 |  2.3
Axes           | 5 |  5.4
Dodging        | |  2.6
Stealth        | |  1.8
Shields        | |  0.8

Action                   |  1- 3 |  4- 6 || total
-------------------------+-------+-------++-------
Melee: Hand axe          |   124 |   143 ||   267
  Use: Scroll            |     6 |     2 ||     8
       Potion            |     1 |     3 ||     4
 Stab: Sleeping          |     4 |     1 ||     5
       Distracted        |     1 |       ||     1
Armor: Robe              |    18 |       ||    18
       Ring mail         |    10 |    22 ||    32
Dodge: Dodged            |    93 |    72 ||   165
Block: Other             |       |     8 ||     8
       Kite shield       |       |    27 ||    27
